 Dungeon Crawl Stone Soup version 0.27.1-1-g398f81649c (webtiles) character file.

Game seed: 3963588589218398915

254 bnorton916 the Conjurer (level 5, -3/28 HPs)
             Began as a Deep Elf Conjurer on Sept 20, 2021.
             Was an Initiate of Vehumet.
             Slain by a howler monkey (4 damage)
             ... on level 5 of the Dungeon.
             The game lasted 00:04:40 (4268 turns).

bnorton916 the Conjurer (Deep Elf Conjurer)         Turns: 4268, Time: 00:04:41

Health: -3/28      AC:  3    Str:  4    XL:     5   Next: 91%
Magic:  5/15       EV: 12    Int: 24    God:    Vehumet [......]
Gold:   168        SH:  0    Dex: 13    Spells: 5/16 levels left

rFire    . . .     SeeInvis .   o - staff of conjuration
rCold    . . .     Faith    .   (no shield)
rNeg     . . .     Spirit   .   a - +0 robe
rPois    .         Reflect  .   (no helmet)
rElec    .         Harm     .   (no cloak)
rCorr    .         Rampage  .   (no gloves)
Will     .....                  p - +0 pair of boots
Stlth    ++........             (no amulet)
HPRegen  0.09/turn              (no ring)
MPRegen  0.14/turn              (no ring)

@: no status effects
A: no striking features
a: Renounce Religion


You were on level 5 of the Dungeon.
You worshipped Vehumet.
Vehumet was noncommittal.
You visited 2 branches of the dungeon, and saw 6 of its levels.

You collected 168 gold pieces.

Inventory:

Hand Weapons
 l - a +0 hand axe of flaming
Armour
 a - a +0 robe (worn)
 p - a +0 pair of boots (worn)
Magical Staves
 o - a staff of conjuration (weapon)
Wands
 m - a wand of polymorph (6)
Scrolls
 b - 2 scrolls of teleportation {unknown}
 d - a scroll of magic mapping {unknown}
 e - 2 scrolls of identify {unknown}
 f - a scroll of fog {unknown}
 g - a scroll of acquirement {unknown}
 j - a scroll of immolation {unknown}
 k - 2 scrolls of fear {unknown}
 n - a scroll of noise {unknown}
 r - a scroll of torment {unknown}
 s - a scroll of vulnerability {unknown}
Potions
 c - 2 potions of haste {unknown}
 h - a potion of cancellation {unknown}
 i - 3 potions of lignification {unknown}
 q - a potion of attraction {unknown}
 t - 2 potions of invisibility {unknown}
 u - a potion of curing {unknown}


   Skills:
 - Level 2.4 Dodging
 - Level 2.4 Stealth
 + Level 6.2 Spellcasting
 + Level 6.4 Conjurations


You had 5 spell levels left.
You knew the following spells:

 Your Spells              Type           Power      Damage    Failure   Level
a - Magic Dart            Conj           100%       1d8       1%          1
b - Searing Ray           Conj           100%       3d7       1%          2
c - Fulminant Prism       Conj/Hex       17%        3d11      21%         4
d - Iskenderun's Mystic   Conj/Tloc      34%        2d8       21%         4

Your spell library contained the following spells:

 Spells                   Type           Power      Damage    Failure   Level
 Dazzling Flash           Conj/Hex       68%        N/A       6%          3
 Gell's Gravitas          Tloc           3%         N/A       24%         3
 Teleport Other           Tloc           7%         N/A       24%         3
 Dispersal                Tloc           3%         N/A       100%        6


Dungeon Overview and Level Annotations

Branches:
Dungeon (5/15)             Temple (1/1) D:4

Altars:
Cheibriados
Hepliaklqana
Kikubaaqudgha
Okawaru
Qazlal
Ru
Sif Muna
Vehumet
Wu Jian
Yredelemnul
Zin

Shops:
D:4 (


Message History

The orc hits you with a +0 mace.
Unknown command.
The searing ray hits the orc!
You kill the orc!
Vehumet accepts your kill.
The orc priest begins to cast a cantrip, but forgets the words!
Unknown command.
Casting: Searing Ray (safe; 1% risk of failure)
Confirm with . or Enter, or press ? or * to list all spells.
You don't know that spell.
Casting: Searing Ray (safe; 1% risk of failure)
Confirm with . or Enter, or press ? or * to list all spells.
You don't know that spell.
The howler monkey hits you.
The orc priest hits you with a +0 flail.
The howler monkey hits you.
Things that are here:
a +0 whip; an orc corpse Unknown command.
Casting: Searing Ray (safe; 1% risk of failure)
Confirm with . or Enter, or press ? or * to list all spells.
Aiming: Searing Ray (safe; 1% risk of failure)
Press: ? - help, Shift-Dir - straight line, f - orc priest
Aim: an orc priest, wielding a +0 flail (83% to hit)
You feel a surge of power!
The searing ray misses the orc priest. (Press . to maintain the ray.)
The orc priest hits you with a +0 flail!
The howler monkey closely misses you.
The searing ray misses the orc priest.
The orc priest invokes the aid of Beogh against you.
Beogh smites you!
* * * LOW HITPOINT WARNING * * *
The howler monkey barely misses you.
The searing ray hits the orc priest!
You kill the orc priest!
Vehumet accepts your kill. The howler monkey hits you.
* * * LOW HITPOINT WARNING * * *
You finish channeling your searing ray.
The howler monkey hits you.
You die...

####≈ ...#
... ... ##.##
#... #..#
.##^###.<#
(.....h@)##
###.###)..#
#.o.).#.....#
#####...#####
##.## .# .#
.# .#


You could see a howler monkey.

Vanquished Creatures
  A hound (D:4)
  An orc priest (D:5)
  A centaur skeleton (D:4)
  2 orc wizards (D:4)
  3 adders
  2 worms
  11 orcs
  7 bats
  5 endoplasms
  3 giant cockroaches
  4 goblins
  4 hobgoblins
  3 jackals (D:1)
  5 kobolds
  7 quokkas
  5 ball pythons
  5 frilled lizards
  6 rats
75 creatures vanquished.

Notes
Turn   | Place    | Note
-------+----------+-------------------------------------------
     0 | D:1      | bnorton916 the Deep Elf Conjurer began the quest for the
                  | Orb.
     0 | D:1      | Reached XP level 1. HP: 10/10 MP: 6/6
   325 | D:1      | Reached XP level 2. HP: 15/15 MP: 5/8
   550 | D:1      | Found a faded altar of an unknown god.
  1253 | D:2      | Reached skill level 5 in Conjurations
  1253 | D:2      | Reached XP level 3. HP: 19/19 MP: 2/10
  1256 | D:2      | Learned a level 2 spell: Searing Ray
  2000 | D:3      | Reached XP level 4. HP: 24/24 MP: 7/12
  2083 | D:3      | Learned a level 4 spell: Fulminant Prism
  2088 | D:3      | Learned a level 4 spell: Iskenderun's Mystic Blast
  2583 | D:3      | Reached skill level 5 in Spellcasting
  2597 | D:3      | Found a snail-covered altar of Cheibriados.
  3037 | D:4      | Found an iron altar of Okawaru.
  3060 | D:4      | Found Yngau's Antique Weapon Boutique.
  3128 | D:4      | Reached XP level 5. HP: 18/28 MP: 10/15
  3925 | D:4      | Found a staircase to the Ecumenical Temple.
  4159 | Temple   | Entered the Ecumenical Temple
  4221 | Temple   | Became a worshipper of Vehumet
  4254 | D:5      | Entered Level 5 of the Dungeon
  4267 | D:5      | HP: 1/28 [howler monkey (6)]
  4268 | D:5      | Slain by a howler monkey

Illustrated notes

Levels and vault maps discovered:
D:1:      amcnicky_arrival_blooded_trapdoor, layout_basic,
          hellmonk_ecumenical_altar_crossroads, serial_bayou_crossing
D:2:      wad_pebble_path, layout_rooms
D:3:      layout_loops_ring, mainiacjoe_overflow_alcove_2
D:4:      layout_basic, okawaru_trees_1, minmay_temple_entry_poolview,
          serial_shops, shop, serial_glass, glass_columns_a, glass_columns_c,
          due_unseen_surprise, feat_on_display, minmay_strange_pillars,
          feat_on_display, chequers_mini_garden
D:5:      layout_loops_ring, lightli_temple_of_fire, serial_shops, shop,
          uniq_prince_ribbit1, uniq_crazy_yiuf_cottage
Temple:   dshaligram_water_room_temple

Skill      XL: |  1  2  3  4  5 |
---------------+----------------+-----
Spellcasting   | 4 5 6 |  6.2
Conjurations   | 5 6 |  6.4
Dodging        | |  2.4
Stealth        | |  2.4

Action                   |  1- 3 |  4- 6 || total
-------------------------+-------+-------++-------
Melee: Unarmed           |     3 |       ||     3
 Cast: Magic Dart        |    74 |    48 ||   122
       Searing Ray       |     1 |    10 ||    11
Armor: Robe              |     2 |     2 ||     4
Dodge: Dodged            |     7 |     5 ||    12
